AoeStats
← PablinNTC

MegaRandom

503449502Analyzed
1v1 RM · 10d ago on Aug 31, 2026· 45m 17s· 2 players
Game mode
Random Map
Map size
Tiny (2 player)
Population
200
Speed
Normal
Resources
Standard
Victory
Conquest
Starting age
Dark Age
Ending age
Imperial Age
RankedLock teamsTeams togetherTeam positionsShared explorationLock speedFull tech treeHidden civsTurbo modeCheats
Victory
Defeat
🇮🇳 Franks · India
661
+15
🇧🇷 Khmer · Brazil
647
-15
PablinNTC
7:05 Loom
10:31 Feudal Age
15:15 Double-Bit Axe
15:24 Horse Collar
18:48 Castle Age
17:20 Gold Mining
17:30 Stone Mining
18:01 Fishing Lines
20:08 Gold Shaft Mining
20:49 Wheelbarrow
19:59 Town Watch
22:52 Stone Shaft Mining
22:04 Man-at-Arms
24:31 Gillnets
26:52 Pikeman
27:53 Heated Shot
28:24 Ballistics
29:51 Husbandry
30:01 Bloodlines
30:36 Hand Cart
30:48 Scale Barding Armor
35:23 Imperial Age
32:40 Town Watch
33:43 Bow Saw
34:07 Chain Barding Armor
35:27 Heavy Plow
36:08 Redemption
37:20 Hoardings
38:33 Crop Rotation
39:15 Chemistry
38:26 Masonry
39:45 Tusk Swords
40:08 Conscription
41:47 Elite Ballista Elephant
42:30 Double Crossbow
43:26 Architecture
43:18 Scale Mail Armor
43:32 Heavy Scorpion
45:24 Plate Barding Armor
Bulma
10:49 Feudal Age
9:05 Loom
11:18 Double-Bit Axe
11:24 Town Watch
13:06 Gold Mining
15:15 Wheelbarrow
19:09 Castle Age
17:34 Stone Mining
19:09 Scale Mail Armor
19:19 Forging
20:28 Scale Barding Armor
23:25 Gold Shaft Mining
24:07 Bow Saw
25:04 Chain Barding Armor
26:19 Husbandry
31:43 Imperial Age
29:34 Arson
29:50 Squires
29:35 Gambesons
29:12 Man-at-Arms
31:56 Hand Cart
31:42 Town Patrol
31:17 Pikeman
33:32 Plate Barding Armor
32:59 Cavalier
33:21 Long Swordsman
34:49 Forging
34:54 Chain Mail Armor
35:03 Halberdier
38:13 Conscription
38:15 Paladin
38:21 Paladin
39:42 Iron Casting
39:37 Plate Mail Armor
38:57 Fletching
39:07 Padded Archer Armor
Connection lost

Rejoining the realm…

Still unreachable

The connection could not be restored.

Session expired

The server has moved on; the page needs a fresh start.